[Event "Asian Amateur Rapid 2024"]
[Site "Al Ain"]
[Date "2024.12.15"]
[Round "1.2"]
[White "Daneshpour, S.A."]
[Black "Rashed Abubaker, Alhemeiri"]
[Result "1-0"]
[ECO "A23"]
[WhiteElo "1899"]
[BlackElo "1861"]
[Annotator "NA RC"]
[PlyCount "91"]
[EventDate "2024.12.15"]
[EventType "swiss"]
[EventCountry "UAE"]
[SourceTitle "playchess.com"]
[Source "ChessBase"]
[SourceQuality "1"]
[TimeControl "900+10"]

1. g3 d5 2. Bg2 e5 3. c4 c6 4. cxd5 cxd5 5. Qb3 Nf6 6. Nc3 e4 7. f3 Nc6 8. fxe4 dxe4 9. Nxe4 Bf5 10. Nxf6+ Qxf6 11. Nf3 Bc5 12. e3 Qe7 13. O-O O-O 14. d4 Bd6 15. Bd2 Rac8 16. Rac1 Nb4 17. Bxb4 Bxb4 18. Ne5 Rc7 19. Rfd1 Rxc1 20. Rxc1 Be6 21. Qc2 f6 22. Nd3 Bd6 23. Nc5 Bc8 24. Qe4 Qc7 25. Rc3 Qb6 26. Na4 Qa5 27. Rxc8 Qxa4 28. Qd5+ Kh8 29. Rxf8+ Bxf8 30. Qf7 Qb4 31. h4 Qe7 32. Qxe7 Bxe7 33. Bxb7 Kg8 34. Kf2 Bd6 35. Kf3 Kf7 36. g4 g5 37. hxg5 fxg5 38. e4 Bb4 39. e5 Ke6 40. Ke4 Be1 41. d5+ Ke7 42. d6+ Kd7 43. Kd5 Bg3 44. e6+ Ke8 45. Bc6+ Kd8 46. e7+ 1-0

[Event "Asian Amateur Rapid 2024"]
[Site "Al Ain"]
[Date "2024.12.15"]
[Round "1.4"]
[White "Hayder, Hassan Shyaa"]
[Black "Kanev, Evgeny"]
[Result "1-0"]
[ECO "B08"]
[WhiteElo "1991"]
[BlackElo "1785"]
[Annotator "RC"]
[PlyCount "100"]
[EventDate "2024.12.15"]
[EventType "swiss"]
[EventCountry "UAE"]
[SourceTitle "playchess.com"]
[Source "ChessBase"]
[SourceQuality "1"]
[TimeControl "900+10"]

1. e4 d6 2. d4 Nf6 3. Nc3 g6 4. Nf3 Bg7 5. Be2 O-O 6. O-O Nc6 7. h3 Nd7 8. Be3 e5 9. Qd2 f5 10. dxe5 Ndxe5 11. Nxe5 Nxe5 12. f4 Nc6 13. Bf3 fxe4 14. Bxe4 Bf5 15. Bxc6 bxc6 16. Bd4 Bxd4+ 17. Qxd4 c5 18. Qd5+ Kg7 19. Rf2 Qd7 20. Rd1 Rae8 21. Qf3 c6 22. Na4 Qc7 23. Rfd2 d5 24. Nxc5 Be4 25. Nxe4 Rxe4 26. Qxe4 dxe4 27. Rd7+ Rf7 28. Rxc7 Rxc7 29. Kf2 Kf6 30. Ke3 Ke6 31. Kxe4 Rb7 32. b3 a5 33. Rd4 h5 34. g4 hxg4 35. hxg4 Rb5 36. Rc4 Kd6 37. f5 gxf5+ 38. gxf5 Rb7 39. Kf4 Kd5 40. Kg5 Rg7+ 41. Kf6 Rg2 42. Kf7 c5 43. f6 Re2 44. Kf8 Kd6 45. f7 Ke6 46. Rf4 a4 47. Kg7 Rg2+ 48. Kh6 Rh2+ 49. Kg5 axb3 50. axb3 Kd5 1-0

[Event "Asian Amateur Rapid 2024"]
[Site "Al Ain"]
[Date "2024.12.15"]
[Round "1.5"]
[White "Pathak Anshu Kr"]
[Black "Mohamed Saeed Laily"]
[Result "0-1"]
[ECO "B13"]
[WhiteElo "1661"]
[BlackElo "1984"]
[Annotator "RC"]
[PlyCount "92"]
[EventDate "2024.12.15"]
[EventType "swiss"]
[EventCountry "UAE"]
[SourceTitle "playchess.com"]
[Source "ChessBase"]
[SourceQuality "1"]
[TimeControl "900+10"]

1. e4 c6 2. d4 d5 3. exd5 cxd5 4. Bd3 Nc6 5. c3 Nf6 6. Bf4 g6 7. Nf3 Bf5 8. Ne5 Bg7 9. O-O O-O 10. Bxf5 gxf5 11. Nd2 e6 12. Nxc6 bxc6 13. Re1 Qb6 14. Rb1 c5 15. Be5 cxd4 16. Bxd4 Qc7 17. Nf3 Ne4 18. Bxg7 Kxg7 19. Re3 Qb6 20. Ne5 Rad8 21. Qh5 f6 22. Nd3 Qc7 23. Rh3 Kg8 24. Nf4 Rde8 25. Qh4 Qf7 26. Nh5 Kh8 27. Re1 Rg8 28. Rxe4 dxe4 29. Nxf6 Rg7 30. Nxe8 Qxe8 31. Qf6 Qd7 32. Qf8+ Rg8 33. Qf6+ Rg7 34. Qf8+ Rg8 35. Qf6+ Qg7 36. Qxg7+ Rxg7 37. Kf1 Rb7 38. b3 Kg7 39. c4 Kf6 40. Ke2 Rg7 41. g3 Ke5 42. Rh4 Rd7 43. Rh6 a5 44. h4 Rg7 45. Rh5 Kf6 46. Rg5 Ke5 0-1

[Event "Asian Amateur Rapid 2024"]
[Site "Al Ain"]
[Date "2024.12.15"]
[Round "1.6"]
[White "Lovakov, Egor Vlad"]
[Black "Obado, Sean Adrich"]
[Result "1/2-1/2"]
[ECO "D78"]
[WhiteElo "1763"]
[BlackElo "1605"]
[Annotator "NA"]
[PlyCount "94"]
[EventDate "2024.12.15"]
[EventType "swiss"]
[EventCountry "UAE"]
[SourceTitle "playchess.com"]
[Source "ChessBase"]
[SourceQuality "1"]
[TimeControl "900+10"]

1. Nf3 d5 2. g3 Nf6 3. Bg2 g6 4. O-O Bg7 5. d4 O-O 6. c4 c6 7. Qa4 Bg4 8. Nc3 Nbd7 9. h3 Bxf3 10. Bxf3 Nb6 11. Qd1 Nxc4 12. b3 Nd6 13. Bb2 Qd7 14. Kh2 Nfe4 15. Bg2 Qf5 16. f3 Nxc3 17. Bxc3 Nb5 18. Bb2 c5 19. e4 dxe4 20. fxe4 Qd7 21. Rc1 cxd4 22. a4 Nc7 23. Qd3 Ne6 24. Ba3 Rac8 25. h4 Be5 26. Bh3 Rxc1 27. Rxc1 Bd6 28. Bb2 Rd8 29. Rc4 Be5 30. Ba3 Rc8 31. Rxc8+ Qxc8 32. Bxe7 Qc3 33. Bf1 Qb2+ 34. Be2 Qc1 35. Bb4 Qh6 36. Kg2 g5 37. h5 Qf6 38. Bg4 Bc7 39. Bf5 Qe5 40. Kf2 Nc5 41. Bxc5 Qxc5 42. Qc4 Qxc4 43. bxc4 Bb6 44. Ke2 Bc7 45. g4 Be5 46. h6 b6 47. Kd3 a5 1/2-1/2

[Event "Asian Amateur Rapid 2024"]
[Site "Al Ain"]
[Date "2024.12.15"]
[Round "1.7"]
[White "Olimjonov, Muhammadziyo"]
[Black "Khalifah, Khaled"]
[Result "1-0"]
[ECO "E17"]
[WhiteElo "1505"]
[BlackElo "1962"]
[Annotator "RC"]
[PlyCount "93"]
[EventDate "2024.12.15"]
[EventType "swiss"]
[EventCountry "UAE"]
[SourceTitle "playchess.com"]
[Source "ChessBase"]
[SourceQuality "1"]
[TimeControl "900+10"]

1. c4 e6 2. g3 d5 3. Bg2 Nf6 4. cxd5 exd5 5. d4 b6 6. Nf3 Be7 7. O-O O-O 8. Nc3 Bb7 9. Bf4 Nbd7 10. Re1 Re8 11. Nb5 Bb4 12. Nxc7 Bxe1 13. Nxe1 Rc8 14. Nxe8 Qxe8 15. Nd3 h6 16. h4 Qe6 17. Bf3 Rc4 18. Rc1 Ne4 19. b3 Rc6 20. Nb4 Rxc1 21. Qxc1 a5 22. Nd3 f6 23. Bd2 g5 24. hxg5 hxg5 25. b4 Ba6 26. bxa5 bxa5 27. Bxa5 Bc4 28. Qc2 Qa6 29. Bxe4 Qxa5 30. Bf5 Nb6 31. Nc1 Kh8 32. Bd3 Qe1+ 33. Kg2 Qb4 34. Bxc4 Qxc4 35. Qxc4 Nxc4 36. Nd3 Kg7 37. Nb4 Kf7 38. Nxd5 Ke6 39. Nc3 Nd2 40. e4 g4 41. a4 Nb3 42. Nb5 f5 43. exf5+ Kxf5 44. f3 Na5 45. fxg4+ Kxg4 46. d5 Nc4 47. d6 1-0

[Event "Asian Amateur Rapid 2024"]
[Site "Al Ain"]
[Date "2024.12.15"]
[Round "1.11"]
[White "Shelke Omkar"]
[Black "Sharma Pankaj"]
[Result "1-0"]
[ECO "D05"]
[WhiteElo "1764"]
[BlackElo "1861"]
[Annotator "NA"]
[PlyCount "129"]
[EventDate "2024.12.15"]
[EventType "swiss"]
[EventCountry "UAE"]
[SourceTitle "playchess.com"]
[Source "ChessBase"]
[SourceQuality "1"]
[TimeControl "900+10"]

1. d4 d5 2. e3 c5 3. Nf3 e6 4. b3 Nf6 5. Bd3 Nc6 6. Bb2 Bd7 7. a3 Rc8 8. Nbd2 Qb6 9. c4 cxd4 10. exd4 Be7 11. O-O O-O 12. Re1 Rfd8 13. c5 Qc7 14. b4 a6 15. Ne5 Be8 16. f4 Bf8 17. Ndf3 g6 18. Rc1 Ne7 19. Qe2 Bh6 20. Ng5 Bg7 21. Ngf3 Nh5 22. g3 Nf6 23. Ng5 Nf5 24. g4 Ne7 25. f5 Bh6 26. h4 Ne4 27. Bxe4 dxe4 28. Nxe4 Nd5 29. g5 Bg7 30. f6 Bf8 31. Qf3 h5 32. gxh6 Bxh6 33. Ng5 Rd7 34. Rf1 Qd8 35. Rc2 Nc7 36. Qg4 Nd5 37. Rcf2 Ne3 38. Qf4 Nxf1 39. Kxf1 Rd5 40. Qg3 Bb5+ 41. Kg1 Rxe5 42. Qxe5 Bc6 43. Re2 a5 44. Rf2 axb4 45. axb4 Ra8 46. Kh2 Ra4 47. Bc3 Ra3 48. Bd2 Ra2 49. Kg3 Ra1 50. Nxe6 fxe6 51. Bxh6 Rg1+ 52. Kh2 Rh1+ 53. Kg3 Rg1+ 54. Kh2 Rh1+ 55. Kg3 Rg1+ 56. Kf4 Kf7 57. Bg5 Rd1 58. Ke3 Re1+ 59. Re2 Rf1 60. Qd6 Rf3+ 61. Kd2 Qxd6 62. cxd6 Rb3 63. d5 Bxd5 64. d7 Rb2+ 65. Ke1 1-0

[Event "Asian Amateur Rapid 2024"]
[Site "Al Ain"]
[Date "2024.12.15"]
[Round "1.13"]
[White "Muhammad Saifan Noushad Ibrahi"]
[Black "Soud, Jaber"]
[Result "0-1"]
[ECO "C67"]
[WhiteElo "1534"]
[BlackElo "1956"]
[Annotator "RC"]
[PlyCount "70"]
[EventDate "2024.12.15"]
[EventType "swiss"]
[EventCountry "UAE"]
[SourceTitle "playchess.com"]
[Source "ChessBase"]
[SourceQuality "1"]
[TimeControl "900+10"]

1. e4 e5 2. Nf3 Nc6 3. Bb5 Nf6 4. O-O Nxe4 5. Re1 Nd6 6. Nxe5 Be7 7. Bxc6 dxc6 8. d4 O-O 9. c3 Re8 10. Bf4 Bf6 11. Nd2 a5 12. a4 Nf5 13. Ndf3 Be6 14. Qc2 Nh4 15. Nxh4 Bxh4 16. Rad1 Qf6 17. Bg3 Bxg3 18. hxg3 Qf5 19. Qxf5 Bxf5 20. g4 Bc2 21. Ra1 f6 22. Nd7 b6 23. d5 cxd5 24. Rec1 Re2 25. Kf1 Bd3 26. Rd1 Rd2+ 27. Ke1 Re2+ 28. Kf1 Rd2+ 29. Ke1 Rxd1+ 30. Rxd1 Bc4 31. Rd4 Rd8 32. Nxf6+ gxf6 33. Rf4 Re8+ 34. Kd1 Kg7 35. g3 Re4 0-1

[Event "Asian Amateur Rapid 2024"]
[Site "Al Ain"]
[Date "2024.12.15"]
[Round "1.14"]
[White "Elhayek, Yazid Saqallah"]
[Black "Abdulla Younes Alkhemeiri"]
[Result "1-0"]
[ECO "B07"]
[WhiteElo "1851"]
[BlackElo "1547"]
[Annotator "NA"]
[PlyCount "55"]
[EventDate "2024.12.15"]
[EventType "swiss"]
[EventCountry "UAE"]
[SourceTitle "playchess.com"]
[Source "ChessBase"]
[SourceQuality "1"]
[TimeControl "900+10"]

1. e4 d6 2. d4 Nf6 3. Nc3 g6 4. Be3 c6 5. f3 b5 6. a3 Nbd7 7. Qd2 a5 8. Nh3 Bb7 9. Be2 b4 10. axb4 axb4 11. Rxa8 Qxa8 12. Nd1 Qa5 13. O-O Bg7 14. b3 c5 15. Nb2 Nb6 16. dxc5 dxc5 17. Bh6 Bxh6 18. Qxh6 Qa2 19. Bb5+ Nbd7 20. Nc4 Ba6 21. Bxd7+ Nxd7 22. Qg7 Rf8 23. Ra1 Qxc2 24. Rxa6 Nf6 25. Ra8+ Kd7 26. Qxf8 Qd1+ 27. Kf2 Qd4+ 28. Ke2 1-0

[Event "Asian Amateur Rapid 2024"]
[Site "Al Ain"]
[Date "2024.12.15"]
[Round "1.15"]
[White "Saud Bader Huwair Alzarooni"]
[Black "Sendi, David V"]
[Result "0-1"]
[ECO "B06"]
[WhiteElo "1644"]
[BlackElo "1747"]
[Annotator "NA"]
[PlyCount "107"]
[EventDate "2024.12.15"]
[EventType "swiss"]
[EventCountry "UAE"]
[SourceTitle "playchess.com"]
[Source "ChessBase"]
[SourceQuality "1"]
[TimeControl "900+10"]

1. e4 g6 2. d4 d6 3. f4 Bg7 4. Nf3 a6 5. Nc3 c6 6. Be3 b5 7. a3 Bb7 8. Bd3 Nd7 9. O-O Ngf6 10. h3 O-O 11. e5 Ne8 12. Ng5 e6 13. g4 h6 14. Nf3 dxe5 15. dxe5 Qc7 16. Qe2 Nb6 17. Bc5 Nd5 18. Nxd5 cxd5 19. Bxf8 Bxf8 20. f5 exf5 21. gxf5 Qb6+ 22. Kh2 g5 23. Rg1 f6 24. e6 Bd6+ 25. Kh1 Bf4 26. c3 d4 27. Be4 dxc3 28. bxc3 Bxe4 29. Qxe4 Rc8 30. Rg4 Nd6 31. Qxf4 Rxc3 32. Qd4 Qc6 33. Rf1 Rxf3 34. Rxf3 Qxf3+ 35. Kh2 Nxf5 36. Qd8+ Kg7 37. Qd7+ Kh8 38. Qe8+ Kh7 39. Qd7+ Kh8 40. Qe8+ Kh7 41. Qf7+ Ng7 42. Qd7 Qe2+ 43. Rg2 Qe5+ 44. Kh1 Qe1+ 45. Rg1 Qe4+ 46. Kh2 Qe2+ 47. Kg3 Qe3+ 48. Kg2 Qe2+ 49. Kh1 Qf3+ 50. Kh2 Qf2+ 51. Rg2 Qf4+ 52. Kg1 Qe3+ 53. Rf2 Qg3+ 54. Kf1 0-1

[Event "Asian Amateur Rapid 2024"]
[Site "Al Ain"]
[Date "2024.12.15"]
[Round "1.17"]
[White "taleb al, ameri"]
[Black "Dadabaev, Zhanybek"]
[Result "0-1"]
[ECO "B22"]
[WhiteElo "1623"]
[BlackElo "1927"]
[Annotator "RC"]
[PlyCount "80"]
[EventDate "2024.12.15"]
[EventType "swiss"]
[EventCountry "UAE"]
[SourceTitle "playchess.com"]
[Source "ChessBase"]
[SourceQuality "1"]
[TimeControl "900+10"]

1. e4 c5 2. c3 d5 3. f3 e6 4. Ne2 Nc6 5. Ng3 Bd6 6. Bb5 Qh4 7. O-O Bxg3 8. hxg3 Qxg3 9. d4 Nf6 10. e5 Nh5 11. f4 Qh4 12. Qf3 Ng3 13. Rd1 cxd4 14. cxd4 Bd7 15. Bxc6 Bxc6 16. Nc3 b5 17. a3 a5 18. Bd2 O-O 19. Be1 Qh1+ 20. Kf2 Nf5 21. Bd2 Qh4+ 22. g3 Qh2+ 23. Qg2 Qxg2+ 24. Kxg2 Nxd4 25. Be3 Nb3 26. Bd4 Nxa1 27. Rxa1 b4 28. Ne2 Bb5 29. Ng1 Rfc8 30. Nf3 Bd3 31. g4 Be4 32. Kg3 Bxf3 33. Kxf3 Rc4 34. Ke3 Rac8 35. Bb6 a4 36. axb4 Rxb4 37. Bd4 Rb3+ 38. Kd2 Rc4 39. Bc3 d4 40. Kd3 Rcb4 0-1

[Event "Asian Amateur Rapid 2024"]
[Site "Al Ain"]
[Date "2024.12.15"]
[Round "1.19"]
[White "Amrit Adhikari"]
[Black "Muhammad Shayan Noushad Ibrahi"]
[Result "0-1"]
[ECO "B90"]
[WhiteElo "1602"]
[BlackElo "1716"]
[Annotator "NA"]
[PlyCount "109"]
[EventDate "2024.12.15"]
[EventType "swiss"]
[EventCountry "UAE"]
[SourceTitle "playchess.com"]
[Source "ChessBase"]
[SourceQuality "1"]
[TimeControl "900+10"]

1. e4 c5 2. Nf3 d6 3. d4 cxd4 4. Nxd4 Nf6 5. Nc3 a6 6. Bd3 e5 7. Nb3 Be7 8. Bg5 Be6 9. Bxf6 Bxf6 10. Nd5 Nd7 11. c4 O-O 12. O-O Bxd5 13. cxd5 Qb6 14. Qe2 Rac8 15. Rac1 Bg5 16. Rxc8 Rxc8 17. Qg4 Qd8 18. g3 Bh6 19. Qf5 Nc5 20. Nxc5 Rxc5 21. b3 g6 22. Qg4 Kg7 23. h4 Rc3 24. Bb1 Qf6 25. Kg2 b5 26. h5 Rc7 27. hxg6 fxg6 28. Rh1 Rf7 29. Rf1 Qd8 30. f4 exf4 31. gxf4 Qf6 32. f5 Bg5 33. Bd3 h5 34. Qg3 Kh6 35. fxg6 Qb2+ 36. Kh1 Rxf1+ 37. Bxf1 Qb1 38. Qf2 Qxe4+ 39. Bg2 Qb1+ 40. Bf1 Kxg6 41. Kh2 Qe4 42. Bg2 Qe5+ 43. Kh1 Bf4 44. Qc2+ Kh6 45. Qb1 Qe3 46. Qa1 Be5 47. Qf1 Kg7 48. Qg1 Qf4 49. Bh3+ Kh6 50. Qg2 Bd4 51. Qe2 Qc1+ 52. Qf1 Qe3 53. Qf8+ Kg5 54. Qg8+ Kh4 55. Qd8+ 0-1

[Event "Asian Amateur Rapid 2024"]
[Site "Al Ain"]
[Date "2024.12.15"]
[Round "1.20"]
[White "Al Abdali, Zeyad Saleh"]
[Black "Eisa Mohmood, Alkhoori"]
[Result "0-1"]
[ECO "A56"]
[WhiteElo "1744"]
[BlackElo "1853"]
[Annotator "NA"]
[PlyCount "80"]
[EventDate "2024.12.15"]
[EventType "swiss"]
[EventCountry "UAE"]
[SourceTitle "playchess.com"]
[Source "ChessBase"]
[SourceQuality "1"]
[TimeControl "900+10"]

1. d4 Nf6 2. c4 c5 3. d5 e5 4. Nc3 d6 5. Nf3 Be7 6. e4 O-O 7. Be2 Nbd7 8. Nd2 a6 9. Nf1 Rb8 10. Ne3 g6 11. h4 b5 12. cxb5 axb5 13. Bf3 c4 14. h5 Nc5 15. hxg6 Nd3+ 16. Kf1 fxg6 17. Qe2 Ba6 18. Kg1 b4 19. Ncd1 Rc8 20. Ng4 Nxg4 21. Bxg4 Bg5 22. Be6+ Kh8 23. Bxc8 Bxc8 24. Be3 Qf6 25. b3 Ba6 26. Qd2 Bxe3 27. Nxe3 c3 28. Qc2 Qg5 29. Rf1 Nf4 30. Re1 Bd3 31. Qc1 Ne2+ 32. Rxe2 Bxe2 33. a3 Qf4 34. Qe1 Bd3 35. axb4 c2 36. f3 Rc8 37. Qc1 Qxe3+ 38. Qxe3 c1=Q+ 39. Kf2 Rc2+ 40. Kg3 Qxe3 0-1

[Event "Asian Amateur Rapid 2024"]
[Site "Al Ain"]
[Date "2024.12.15"]
[Round "1.21"]
[White "Sinno, Abdul Salam"]
[Black "Farhaan, M."]
[Result "0-1"]
[ECO "D00"]
[WhiteElo "1527"]
[BlackElo "1695"]
[Annotator "NA"]
[PlyCount "111"]
[EventDate "2024.12.15"]
[EventType "swiss"]
[EventCountry "UAE"]
[SourceTitle "playchess.com"]
[Source "ChessBase"]
[SourceQuality "1"]
[TimeControl "900+10"]

1. d4 Nf6 2. Bf4 d5 3. e3 c5 4. c3 Nc6 5. Nd2 Bf5 6. Qb3 Qc8 7. h3 e6 8. Ngf3 c4 9. Qa4 a6 10. Ne5 b5 11. Qd1 Nxe5 12. dxe5 Nd7 13. Nf3 Nc5 14. Nd4 Bd3 15. b4 Bxf1 16. Kxf1 Nd3 17. Bg3 Be7 18. Kg1 h5 19. f4 Kf8 20. Kh2 h4 21. Be1 g5 22. Rf1 gxf4 23. exf4 a5 24. Qg4 axb4 25. cxb4 Rg8 26. Qh5 Nxe1 27. Rfxe1 Bxb4 28. Rf1 Bc3 29. Nxb5 Bxa1 30. Nd6 Qc7 31. Rxa1 f6 32. Qxh4 Qg7 33. Qf2 fxe5 34. fxe5+ Ke7 35. Re1 Kd7 36. Re2 Kc6 37. Qd4 Qg3+ 38. Kh1 Rgf8 39. Qd1 Qd3 40. Qe1 Rxa2 41. Qb4 Qb3 42. Qe1 Rxe2 43. Qxe2 Qg3 44. Nxc4 dxc4 45. Qxc4+ Kd7 46. Qd4+ Ke8 47. Qa4+ Kf7 48. Qd7+ Kg8 49. Qxe6+ Rf7 50. Qe8+ Kg7 51. Kg1 Qe3+ 52. Kh2 Qf4+ 53. Kg1 Rc7 54. g4 Rc1+ 55. Kg2 Rc2+ 56. Kg1 0-1

[Event "Asian Amateur Rapid 2024"]
[Site "Al Ain"]
[Date "2024.12.15"]
[Round "1.22"]
[White "Abdulrahim, Salem"]
[Black "Muhammad Saleem, Hamad"]
[Result "1-0"]
[ECO "C41"]
[WhiteElo "1843"]
[BlackElo "1577"]
[Annotator "NA"]
[PlyCount "72"]
[EventDate "2024.12.15"]
[EventType "swiss"]
[EventCountry "UAE"]
[SourceTitle "playchess.com"]
[Source "ChessBase"]
[SourceQuality "1"]
[TimeControl "900+10"]

1. e4 e5 2. Nf3 d6 3. d4 exd4 4. Nxd4 Nf6 5. Nc3 Be7 6. Bc4 O-O 7. O-O Re8 8. Re1 Bf8 9. Bg5 Nbd7 10. f4 c6 11. Kh1 h6 12. Bh4 Nc5 13. e5 Ng4 14. Bxd8 Nf2+ 15. Kg1 Nxd1 16. Raxd1 Rxd8 17. b4 Na6 18. Bxa6 bxa6 19. Nxc6 Rd7 20. exd6 Bxd6 21. Re8+ Kh7 22. Ne5 Bc5+ 23. bxc5 Rxd1+ 24. Nxd1 Rb8 25. Nc3 f6 26. Nf7 Rb7 27. Nd6 Bd7 28. Nxb7 Bxe8 29. Na5 Kg8 30. c6 Kf7 31. Nd5 Ke6 32. Nc7+ Ke7 33. Nxe8 Kxe8 34. Kf2 Kd8 35. Ke3 Kc7 36. Ke4 Kb6 1-0

[Event "Asian Amateur Rapid 2024"]
[Site "Al Ain"]
[Date "2024.12.15"]
[Round "1.23"]
[White "Mujahid Bin Yazeed"]
[Black "Adel, Tahseen Khalil"]
[Result "1-0"]
[ECO "B46"]
[WhiteElo "1837"]
[BlackElo "1833"]
[Annotator "NA"]
[PlyCount "61"]
[EventDate "2024.12.15"]
[EventType "swiss"]
[EventCountry "UAE"]
[SourceTitle "playchess.com"]
[Source "ChessBase"]
[SourceQuality "1"]
[TimeControl "900+10"]

1. e4 c5 2. Nc3 Nc6 3. Nf3 e6 4. d4 cxd4 5. Nxd4 a6 6. Be2 Be7 7. O-O Nf6 8. Nxc6 bxc6 9. e5 Nd5 10. Ne4 O-O 11. c4 Nc7 12. Be3 Rb8 13. Qd2 Ne8 14. Rfd1 f6 15. f4 fxe5 16. fxe5 Rf5 17. Ng3 Rxe5 18. Bd4 Rg5 19. Rf1 e5 20. Be3 Rg6 21. Bd3 Rf6 22. Qc2 Rxf1+ 23. Rxf1 Nf6 24. Ne4 h6 25. Nxf6+ Bxf6 26. Bh7+ Kh8 27. Qg6 e4 28. Bxh6 Bd4+ 29. Kh1 Bb7 30. Bf4 Rc8 31. Qh5 1-0

[Event "Asian Amateur Rapid 2024"]
[Site "Al Ain"]
[Date "2024.12.15"]
[Round "1.24"]
[White "Ghaith Saeed Alnuaimi"]
[Black "Abdulla Ateeq Alremaeithi"]
[Result "1-0"]
[ECO "A16"]
[WhiteElo "1870"]
[BlackElo "1639"]
[Annotator "NA RC"]
[PlyCount "73"]
[EventDate "2024.12.15"]
[EventType "swiss"]
[EventCountry "UAE"]
[SourceTitle "playchess.com"]
[Source "ChessBase"]
[SourceQuality "1"]
[TimeControl "900+10"]

1. c4 Nf6 2. Nc3 g6 3. g3 Bg7 4. Bg2 O-O 5. b3 d6 6. d4 Nbd7 7. Bb2 c6 8. Nf3 e5 9. e3 Qc7 10. O-O Ne8 11. Rc1 f5 12. dxe5 dxe5 13. Ng5 Nc5 14. Ba3 Qe7 15. h4 Nf6 16. Na4 Nfd7 17. b4 Nxa4 18. Qxa4 e4 19. b5 c5 20. Qd1 h6 21. Qd5+ Kh8 22. Ne6 Nf6 23. Nxf8 Bxf8 24. Qd2 Nd7 25. Bb2+ Bg7 26. Bxg7+ Kxg7 27. f4 Nf6 28. Rfd1 Ng4 29. Bh3 h5 30. Bxg4 hxg4 31. Qd8 Qf6 32. Qc7+ Kh6 33. Rd8 Qb2 34. Re1 Qc3 35. Kf2 Be6 36. Rxa8 Bxc4 37. Qd6 1-0

[Event "Asian Amateur Rapid 2024"]
[Site "Al Ain"]
[Date "2024.12.15"]
[Round "1.26"]
[White "Vivaan Sachdev"]
[Black "Amirgali, Nurali"]
[Result "1-0"]
[ECO "B18"]
[WhiteElo "1824"]
[BlackElo "1572"]
[Annotator "NA"]
[PlyCount "83"]
[EventDate "2024.12.15"]
[EventType "swiss"]
[EventCountry "UAE"]
[SourceTitle "playchess.com"]
[Source "ChessBase"]
[SourceQuality "1"]
[TimeControl "900+10"]

1. e4 c6 2. d4 d5 3. Nc3 dxe4 4. Nxe4 Bf5 5. Ng3 Bg6 6. Nh3 e6 7. Nf4 Nf6 8. h4 h6 9. Nxg6 fxg6 10. Bd3 Kf7 11. h5 g5 12. Qe2 Qd7 13. Bg6+ Ke7 14. Bd2 Kd8 15. O-O-O Bd6 16. Rhe1 Kc7 17. Qxe6 Qxe6 18. Rxe6 Nbd7 19. Nf5 Bf4 20. Bxf4+ gxf4 21. Re7 Rhg8 22. Rde1 Nd5 23. Rxg7 Rxg7 24. Nxg7 Rg8 25. Ne6+ Kd6 26. c4 Nb4 27. c5+ Kd5 28. Nxf4+ Kxd4 29. Rd1+ Ke5 30. Rxd7 Kxf4 31. Rd4+ Ke5 32. Rxb4 Rd8 33. Rxb7 Rd5 34. b4 Rd4 35. a3 Rc4+ 36. Kb2 Rg4 37. g3 Rd4 38. Re7+ Kf6 39. Rxa7 Rd2+ 40. Kc3 Rd5 41. Rf7+ Ke6 42. Rh7 1-0

[Event "Asian Amateur Rapid 2024"]
[Site "Al Ain"]
[Date "2024.12.15"]
[Round "1.28"]
[White "Ebenezer, Joseph"]
[Black "Godhani Maharth"]
[Result "1/2-1/2"]
[ECO "C58"]
[WhiteElo "1993"]
[BlackElo "1798"]
[Annotator "RC"]
[PlyCount "119"]
[EventDate "2024.12.15"]
[EventType "swiss"]
[EventCountry "UAE"]
[SourceTitle "playchess.com"]
[Source "ChessBase"]
[SourceQuality "1"]
[TimeControl "900+10"]

1. e4 e5 2. Nf3 Nc6 3. Bc4 Nf6 4. Ng5 d5 5. exd5 Na5 6. Bb5+ c6 7. dxc6 bxc6 8. Bd3 Ng4 9. Ne4 f5 10. Be2 h5 11. h3 fxe4 12. hxg4 Bc5 13. b4 Bxb4 14. c3 Bc5 15. gxh5 Be6 16. Ba3 Bxa3 17. Nxa3 Qd6 18. Qa4 Nb7 19. Nc4 Bxc4 20. Qxc4 Nc5 21. Rh3 Rd8 22. Rd1 Ne6 23. Re3 Ng5 24. d3 Qf6 25. dxe4 Rf8 26. Bf3 Rxd1+ 27. Kxd1 Rf7 28. Kc2 Rd7 29. Qg8+ Ke7 30. Bg4 Rd8 31. Qc4 Qxf2+ 32. Re2 Qg1 33. Qb4+ Ke8 34. Qb1 Qc5 35. Qb3 Qd6 36. Qg8+ Ke7 37. Qb3 Qd1+ 38. Kb2 Rd2+ 39. Rxd2 Qxd2+ 40. Qc2 Qxc2+ 41. Kxc2 Nxe4 42. Bf3 Nf6 43. Bxc6 Nxh5 44. Kd3 Kd6 45. Be4 Kc5 46. Bf3 Nf6 47. g4 g5 48. Be2 e4+ 49. Ke3 Kd5 50. c4+ Ke5 51. Bd1 Nd7 52. Bc2 Nf6 53. Bd1 Nd7 54. Bc2 Nf6 55. Bd1 Nd7 56. Be2 Nb6 57. Bf1 Nd7 58. Be2 Nb6 59. a3 a5 60. Bf1 1/2-1/2

[Event "Asian Amateur Rapid 2024"]
[Site "Al Ain"]
[Date "2024.12.15"]
[Round "1.30"]
[White "Rashid Husain Alhammadi"]
[Black "Al Sabti, Wadhah"]
[Result "1-0"]
[ECO "C74"]
[WhiteElo "1914"]
[BlackElo "1470"]
[Annotator "RC"]
[PlyCount "67"]
[EventDate "2024.12.15"]
[EventType "swiss"]
[EventCountry "UAE"]
[SourceTitle "playchess.com"]
[Source "ChessBase"]
[SourceQuality "1"]
[TimeControl "900+10"]

1. e4 e5 2. Nf3 Nc6 3. Bb5 a6 4. Ba4 d6 5. c3 f5 6. exf5 Bxf5 7. O-O Nf6 8. d4 b5 9. Bb3 e4 10. Re1 d5 11. Ne5 Qd6 12. Bf4 Qe6 13. a4 Rb8 14. axb5 axb5 15. Ra6 Rb6 16. Rxb6 cxb6 17. Qe2 Nxe5 18. dxe5 Nd7 19. Qxb5 Bc5 20. Rd1 e3 21. fxe3 Be4 22. Nd2 Qg4 23. Nxe4 dxe4 24. e6 O-O 25. exd7+ Kh8 26. d8=Q Qxf4 27. Qxf8+ Qxf8 28. Rf1 Bxe3+ 29. Kh1 Qd8 30. Qd7 Qb8 31. Qe7 Bc5 32. Qxe4 h6 33. Bc2 Qd8 34. Qh7# 1-0

[Event "Asian Amateur Rapid 2024"]
[Site "Al Ain"]
[Date "2024.12.15"]
[Round "1.32"]
[White "Hamdan Edrees, Alhamed"]
[Black "Alajati, Abdl Alrahman."]
[Result "1-0"]
[ECO "E62"]
[WhiteElo "1939"]
[BlackElo "1555"]
[Annotator "RC"]
[PlyCount "81"]
[EventDate "2024.12.15"]
[EventType "swiss"]
[EventCountry "UAE"]
[SourceTitle "playchess.com"]
[Source "ChessBase"]
[SourceQuality "1"]
[TimeControl "900+10"]

1. Nf3 Nf6 2. g3 g6 3. Bg2 Bg7 4. O-O O-O 5. d4 d6 6. c4 Bg4 7. Nc3 c6 8. b3 Qd7 9. Re1 Na6 10. Bb2 Rae8 11. a3 e5 12. dxe5 dxe5 13. Qxd7 Nxd7 14. Ne4 Nac5 15. Nfd2 f5 16. Nxc5 Nxc5 17. h3 Bh5 18. Bc3 g5 19. a4 e4 20. Bxg7 Kxg7 21. b4 Na6 22. Rab1 Bg6 23. e3 f4 24. Rb2 f3 25. Bf1 c5 26. bxc5 Nxc5 27. a5 Rd8 28. Reb1 Rd7 29. Rb5 b6 30. axb6 Na4 31. bxa7 Nc3 32. Rb7 Ne2+ 33. Bxe2 Rfd8 34. Rxd7+ Rxd7 35. a8=Q fxe2 36. Qa1+ Kh6 37. Qc3 Rd3 38. Qc2 Bf7 39. c5 Bd5 40. Re1 Bc6 41. Rxe2 1-0

[Event "Asian Amateur Rapid 2024"]
[Site "Al Ain"]
[Date "2024.12.15"]
[Round "1.33"]
[White "Sharfa, Farukh"]
[Black "Al Hosni, Khalfan"]
[Result "0-1"]
[ECO "B23"]
[WhiteElo "1536"]
[BlackElo "1749"]
[Annotator "NA"]
[PlyCount "92"]
[EventDate "2024.12.15"]
[EventType "swiss"]
[EventCountry "UAE"]
[SourceTitle "playchess.com"]
[Source "ChessBase"]
[SourceQuality "1"]
[TimeControl "900+10"]

1. e4 c5 2. Nc3 Nc6 3. Bb5 g6 4. Bxc6 bxc6 5. d3 Bg7 6. Bd2 Rb8 7. Rb1 e6 8. Nf3 Ne7 9. Qe2 Ba6 10. O-O d5 11. Rfe1 O-O 12. h3 h6 13. Nh2 Kh7 14. f4 c4 15. Nf3 cxd3 16. cxd3 dxe4 17. Qxe4 Bxd3 18. Qa4 Bxb1 19. Rxb1 Qd3 20. Rd1 Qf5 21. Qxa7 Nd5 22. Qa3 Nxf4 23. Bxf4 Qxf4 24. Rf1 Rfd8 25. h4 Qb4 26. Qxb4 Rxb4 27. Rf2 Rdb8 28. Nd1 Ra8 29. a3 Rb3 30. Nd2 Rd3 31. Kf1 Rad8 32. Ke1 Kg8 33. Re2 Bf6 34. h5 Bh4+ 35. Nf2 Kg7 36. hxg6 Kxg6 37. Kd1 Bxf2 38. Rxf2 e5 39. Kc2 f5 40. Nf3 Kf6 41. Re2 e4 42. Ne1 Rd1 43. b3 Ra1 44. Kc3 Rxa3 45. Nc2 Rd3+ 46. Kc4 Raxb3 0-1